 Dungeon Crawl Stone Soup version 0.19-a0-1170-g18f0c96 (webtiles) character file.

1472 HaroldButt the Basher (level 8, -2/58 HPs)
             Began as a Mummy Fighter on Aug 16, 2016.
             Was an Initiate of Gozag.
             Splashed by an oklob plant's acid (11 damage)
             ... on level 6 of the Dungeon.
             The game lasted 00:27:09 (4934 turns).

HaroldButt the Basher (Mummy Fighter)               Turns: 4934, Time: 00:27:10

Health: -2/58      AC: 19    Str: 22    XL:     8   Next: 49%
Magic:  8/8        EV:  5    Int: 10    God:    Gozag
Gold:   567        SH: 10    Dex: 11    Spells: 0 memorised, 7 levels left

rFire  . . .     SeeInvis .     a - +0 flail
rCold  + . .     Gourm    .     e - +4 chain mail of Sin {rC+ rN+ Int+3}
rNeg   + + +     Faith    .     c - +0 shield
rPois  ∞         Spirit   .     (no helmet)
rElec  .         Dismiss  .     b - +2 cloak
rCorr  .         Reflect  .     g - +2 pair of gloves
MR     +....     Harm     .     (no boots)
Stlth  ..........               (no amulet)
                                p - ring of fire
                                (no ring)

@: no status effects
A: no food or potions, fire vulnerability, cold resistance 1, negative energy
resistance 3, torment resistance, unbreathing
a: Potion Petition, Call Merchant, Bribe Branch, Renounce Religion


You were on level 6 of the Dungeon.
You worshipped Gozag.
Gozag was pleased with you.
You were not hungry.

You visited 2 branches of the dungeon, and saw 7 of its levels.
You also visited: Sewer.

You collected 602 gold pieces.
You paid 35 gold pieces to Gozag.


Innate Abilities, Weirdness & Mutations

You do not eat or drink.
Your flesh is vulnerable to fire.
You are immune to poison.
Your flesh is cold resistant. (rC+)
You are immune to negative energy. (rN+++)
You are immune to unholy pain and torment.
You can survive without breathing.


   Skills:
 - Level 3.0 Fighting
 - Level 8.0 Maces & Flails
 - Level 2.4 Armour
 + Level 4.8 Shields


You had 7 spell levels left.
You didn't know any spells.

Inventory:

Hand Weapons
 a - a +0 flail (weapon)
Armour
 b - a +2 cloak (worn)
 c - a +0 shield (worn)
 e - the +4 chain mail of Sin (worn) {rC+ rN+ Int+3}

   It affects your intelligence (+3).
   It protects you from cold.
   It protects you from negative energy.
 g - a +2 pair of gloves (worn)
 l - a cursed +0 buckler
Jewellery
 p - a ring of fire (right hand)
Wands
 r - a wand of digging (7/24)
Scrolls
 d - a scroll of fog
 f - 3 scrolls of recharging
 h - a scroll of remove curse
 i - 3 scrolls of teleportation {@r4}
 j - a scroll of blinking
 k - a scroll of enchant weapon
 m - a scroll of amnesia
 o - a scroll of immolation {!r}
 q - a scroll of identify {@r1}
Books
 n - a book of Air

   Spells                             Type                      Level
   a - Shock                          Conjuration/Air              1
   b - Swiftness                      Charms/Air                   2
   c - Repel Missiles                 Charms/Air                   2
   d - Static Discharge               Conjuration/Air              3
   e - Lightning Bolt                 Conjuration/Air              5

Dungeon Overview and Level Annotations

Branches:
Dungeon (6/15)             Temple (1/1) D:4

Altars:
Cheibriados
Dithmenos
Fedhas
Gozag
Hepliaklqana
Makhleb
Pakellas
Ru
Vehumet
Zin

Annotations:
D:6 exclusion: oklob plant

▒▒▒.▒ ▒.▒
....▒▒▒.▒▒▒▒▒▒▒▒
.......%.......▒
▒▒▒▒▒▒▒▒▒▒▒▒▒▒.▒▒
▒..▒ ▒▒.▒ ▒.▒▒
▒..▒ ▒▒M▒▒ ▒..▒
▒▒.▒ ▒'▒ ▒...▒
▒...▒ £....
▒..P..▒ ▒.....▒


You could see an oklob plant.


Message History

The ooze is almost dead.
The ooze is no longer distracted by gold.
The ooze hits you but does no damage. The ooze hits you but does no damage.
You hit the ooze.
You kill the ooze!
You barely miss the ooze. The ooze closely misses you.
You hit the ooze.
The ooze is moderately wounded.
You block the ooze's attack.
You hit the ooze.
The ooze is severely wounded.
You block the ooze's attack.
You sock the ooze!
You kill the ooze!
You now have 567 gold pieces (gained 119).
Really walk into a travel-excluded area?
The oklob plant spits acid at you. The splash of acid hits you!
* * * LOW HITPOINT WARNING * * *
The acid burns!
* * * LOW HITPOINT WARNING * * *
There is an open door here.
The oklob plant spits acid at you. The splash of acid hits you!
* * * LOW HITPOINT WARNING * * *
The acid burns!
You die...
Your body crumbles into a pile of gold.

Action                   |  1- 3 |  4- 6 |  7- 9 || total
-------------------------+-------+-------+-------++-------
Melee: Flail             |    92 |   341 |   211 ||   644
Invok: Potion Petition   |       |       |     1 ||     1
  Use: Scroll            |       |    10 |     2 ||    12
Armor: Scale mail        |    27 |    18 |       ||    45
       Plate armour      |       |   216 |       ||   216
       Chain mail        |       |       |    96 ||    96
Dodge: Dodged            |    25 |    59 |    29 ||   113
Block: Shield            |    44 |   169 |    57 ||   270

Vault maps used:
D:1:      dpeg_arrival_signposts
D:2:      makhleb_heckhound_becter
D:3:      ecumenical_altar_1
D:4:      gup_sewer_entry_pipe, first_bread, minmay_cupped
D:5:      serial_glass, glass_columns_b, glass_columns_a, glass_columns_a,
          glass_columns_a, feat_on_display, due_unseen_surprise,
          item_on_display_a, item_on_display_a, minmay_holes
D:6:      lemuel_slime, minmay_misc_feat_alley
Temple:   nicolae_temple_x_marks_the_god
Sewer:    sewer_co_purgy_island

Notes
Turn   | Place    | Note
-------+----------+-------------------------------------------
     0 | D:1      | HaroldButt the Mummy Fighter began the quest for the Orb.
     0 | D:1      | Reached XP level 1. HP: 18/18 MP: 1/1
    86 | D:1      | Reached skill level 2 in Maces & Flails
   123 | D:1      | Reached XP level 2. HP: 21/24 MP: 2/2
   977 | D:2      | Reached skill level 3 in Maces & Flails
   977 | D:2      | Reached XP level 3. HP: 29/29 MP: 3/3
   981 | D:2      | Found a burning altar of Makhleb.
  1001 | D:2      | Reached XP level 4. HP: 32/35 MP: 4/4
  1530 | D:3      | Found a faded altar of an unknown god.
  1627 | D:3      | Reached skill level 4 in Maces & Flails
  1926 | D:3      | Reached XP level 5. HP: 41/41 MP: 5/5
  2158 | D:3      | Noticed HaroldButt's ghost (novice MfGl)
  2288 | D:4      | Found a staircase to the Ecumenical Temple.
  2304 | D:4      | Got a heavily runed chain mail
  2309 | Temple   | Entered the Ecumenical Temple
  2313 | Temple   | Became a worshipper of Gozag Ym Sagoz the Greedy
  2338 | D:4      | Found a glowing drain.
  2364 | Sewer    | Entered a sewer
  2403 | Sewer    | Noticed Purgy
  2418 | Sewer    | Killed Purgy
  2418 | Sewer    | Reached skill level 5 in Maces & Flails
  2531 | Sewer    | Noticed HaroldButt's ghost (weakling HOMo)
  2555 | Sewer    | Killed HaroldButt's ghost
  2555 | Sewer    | Reached XP level 6. HP: 22/47 MP: 6/6
  2998 | D:4      | Reached skill level 6 in Maces & Flails
  3137 | D:4      | Reached XP level 7. HP: 33/52 MP: 7/7
  3142 | D:4      | Identified the +4 chain mail of Sin {rC+ rN+ Int+3} (You found it on level 4 of the Dungeon)
  3229 | D:5      | Entered Level 5 of the Dungeon
  3327 | D:3      | Killed HaroldButt's ghost
  3327 | D:3      | Reached skill level 7 in Maces & Flails
  4013 | D:5      | Reached skill level 8 in Maces & Flails
  4013 | D:5      | Reached XP level 8. HP: 58/58 MP: 8/8
  4033 | D:5      | Reached skill level 3 in Shields
  4852 | D:6      | Noticed an oklob plant
  4871 | D:6      | Reached skill level 4 in Shields
  4934 | D:6      | Splashed by an oklob plant's acid

Vanquished Creatures
  The ghost of HaroldButt the Spear-Bearer, a novice MfGl (D:3)
  Purgy (Sewer)
  A phantom (D:4)
  An ogre (D:5)
  2 scorpions
  A water moccasin skeleton (D:5)
  The ghost of HaroldButt the Ruffian, a weakling HOMo (Sewer)
  2 giant frog zombies (D:5)
  7 jellies (D:6)
  A centaur zombie (D:5)
  3 hounds
  An orc wizard (D:5)
  3 worker ants (D:4)
  7 adders
  A shadow imp (D:6)
  14 oozes
  2 worms
  2 dart slugs (D:4)
  7 giant geckos
  8 orcs
  6 bats
  7 giant cockroaches
  6 goblins
  7 hobgoblins
  8 jackals
  3 quokkas
  3 ball pythons
  6 giant newts
  9 kobolds
  12 rats
133 creatures vanquished.

Vanquished Creatures (others)
  6 fungi (D:6)
6 creatures vanquished.

Grand Total: 139 creatures vanquished
